 Dungeon Crawl Stone Soup version 0.20-a0-731-gecde0bf (webtiles) character file.

270 graki42 the Conjurer (level 6, 0/32 HPs)
             Began as a Deep Elf Conjurer on Feb 22, 2017.
             Was an Initiate of Sif Muna.
             Succumbed to a water moccasin's poison
             ... on level 5 of the Dungeon.
             The game lasted 00:08:53 (2341 turns).

graki42 the Conjurer (Deep Elf Conjurer)            Turns: 2341, Time: 00:08:54

Health: 0/32       AC:  5    Str: 12    XL:     6   Next: 1%
Magic:  1/16       EV: 13    Int: 20    God:    Sif Muna [......]
Gold:   127        SH:  0    Dex: 15    Spells: 6/16 levels left

rFire    + . .     SeeInvis .   e - +0 short sword
rCold    . . .     Gourm    .   s - +1 robe {rF+}
rNeg     . . .     Faith    .   (no shield)
rPois    .         Spirit   .   (no helmet)
rElec    .         Reflect  .   r - +0 cloak
rCorr    .         Harm     .   (no gloves)
MR       .....                  p - +0 pair of boots
Stlth    ++........             (no amulet)
Regen    0.1/turn               (no ring)
MPRegen  0.2/turn               a - ring of wizardry

@: mighty, lethally poisoned (0 -> -5), flying, very slightly contaminated,
invisible
A: no striking features
a: Renounce Religion


You were on level 5 of the Dungeon.
You worshipped Sif Muna.
Sif Muna was noncommittal.
You were hungry.

You visited 1 branch of the dungeon, and saw 4 of its levels.

You collected 127 gold pieces.

Inventory:

Hand Weapons
 e - a +0 short sword (weapon)
Armour
 o - a scarf of resistance
 p - a +0 pair of boots (worn)
 r - a +0 cloak (worn)
 s - a +1 robe of fire resistance (worn)
Jewellery
 a - a ring of wizardry (left hand)
Scrolls
 f - 3 scrolls of identify {unknown}
 g - a scroll of fog {unknown}
 j - a scroll of random uselessness {unknown}
 k - a scroll of blinking {unknown}
 m - a scroll of remove curse {unknown}
Books
 b - a book of Conjurations

   Spells                             Type                      Level
   a - Magic Dart                     Conjuration                  1
   b - Searing Ray                    Conjuration                  2
   c - Dazzling Spray                 Conjuration/Hexes            3
   d - Fulminant Prism                Conjuration/Hexes            4
   e - Force Lance                    Conjuration/Translocation    4
   f - Iskenderun's Mystic Blast      Conjuration                  4
Comestibles
 c - 5 bread rations
 d - 2 meat rations
 i - 2 royal jellies
 l - a fruit


   Skills:
 + Level 0.2 Fighting
 + Level 2.9 Dodging
 + Level 2.9 Stealth
 + Level 5.6 Spellcasting
 + Level 6.4 Conjurations
 + Level 0.3 Hexes


You had 6 spell levels left.
You knew the following spells:

 Your Spells              Type           Power        Failure   Level  Hunger
a - Magic Dart            Conj           ####         1%          1    None
b - Searing Ray           Conj           ####..       1%          2    None
c - Dazzling Spray        Conj/Hex       ###...       4%          3    ##.....
d - Iskenderun's Mystic   Conj           ####....     4%          4    ####...


Dungeon Overview and Level Annotations

Branches:
Dungeon (5/15)
 Temple: D:4-7

Altars:
Fedhas
Hepliaklqana
Sif Muna
Uskayaw


Message History

You feel sick.
Casting: Magic Dart
Confirm with . or Enter, or press ? or * to list all spells.
Aiming: Iskenderun's Mystic Blast
Press: ? - help, Shift-Dir - straight line, f - ogre
Aim: an ogre, wielding a giant spiked club (moderately wounded, hasn't noticed you)
The orb of energy hits the ogre.
The ogre is heavily wounded.
Casting: Iskenderun's Mystic Blast
Confirm with . or Enter, or press ? or * to list all spells.
You don't have enough magic to cast that spell.
Unknown command.
Casting: Iskenderun's Mystic Blast
Confirm with . or Enter, or press ? or * to list all spells.
Aiming: Magic Dart
Press: ? - help, Shift-Dir - straight line, f/p - ogre
Aim: an ogre, wielding a giant spiked club (heavily wounded, hasn't noticed you)
The magic dart hits the ogre.
The ogre is severely wounded.
You die...

#########8+8#†...#.......
.........§..#....##$....>
#############....#.......
.....§§§$$$$#............
#############...........#
###..(...............###.
.........#..........#.
.....##............ .
..####...@.##.##.# .
#........# .# # .
..#....### # . ......# .
....#O . ...... . ..$.# .
....


You could see an ogre (wandering).

Vanquished Creatures
  A water moccasin (D:5)
  Jessica (D:3)
  4 adders (D:2)
  An ooze (D:3)
  4 worms
  2 dart slugs (D:2)
  2 leopard geckos
  An orc (D:3)
  A ball python (D:3)
  5 giant cockroaches
  2 goblins
  5 hobgoblins
  10 jackals
  A quokka (D:5)
  6 bats
  9 frilled lizards
  8 kobolds
  9 rats
72 creatures vanquished.

Notes
Turn   | Place    | Note
-------+----------+-------------------------------------------
     0 | D:1      | graki42 the Deep Elf Conjurer began the quest for the Orb.
     0 | D:1      | Reached XP level 1. HP: 10/10 MP: 6/6
   166 | D:1      | Reached XP level 2. HP: 15/15 MP: 2/8
   171 | D:1      | Learned a level 2 spell: Searing Ray
   225 | D:1      | You fall through a shaft!
   225 | D:2      | Found a hide-covered altar of Uskayaw.
   283 | D:2      | Found a faded altar of an unknown god.
   585 | D:2      | Reached skill level 5 in Conjurations
   585 | D:2      | Reached XP level 3. HP: 19/19 MP: 5/10
   919 | D:2      | Reached XP level 4. HP: 17/24 MP: 4/12
   979 | D:2      | Learned a level 3 spell: Dazzling Spray
   984 | D:2      | Learned a level 4 spell: Iskenderun's Mystic Blast
  1282 | D:2      | Found a deep blue altar of Sif Muna.
  1458 | D:3      | Found a hazy altar of Hepliaklqana.
  1623 | D:2      | Found a blossoming altar of Fedhas.
  2040 | D:3      | Noticed Jessica
  2044 | D:3      | Killed Jessica
  2044 | D:3      | Reached XP level 5. HP: 16/28 MP: 4/14
  2116 | D:3      | Found a deep blue altar of Sif Muna.
  2124 | D:3      | Became a worshipper of Sif Muna the Loreminder
  2219 | D:3      | You fall through a shaft for 2 floors!
  2219 | D:5      | Entered Level 5 of the Dungeon
  2310 | D:5      | Noticed a water moccasin
  2320 | D:5      | Killed a water moccasin
  2320 | D:5      | Reached skill level 5 in Spellcasting
  2320 | D:5      | Reached skill level 6 in Conjurations
  2320 | D:5      | Reached XP level 6. HP: 18/32 MP: 2/16
  2338 | D:5      | HP: 1/32 [poisoned by a water moccasin]
  2341 | D:5      | Succumbed to a water moccasin's poison

Vault maps used:
D:1:      doesnt_arrival_eight_statues
D:2:      old_standard_altar, nicolae_overflow_hidden_temple,
          old_standard_altar, chequers_ecumenical_altar_simple,
          minmay_lizard_pond
D:3:      lemuel_crystal_altar, first_bread, st_stairs_8, tgw_sif
D:5:      lemuel_ice_spiral_2, tso_oasis_becter, sword_in_stone, uniq_eustachio

Skill      XL: |  1  2  3  4  5 |
---------------+----------------+-----
Conjurations   | 5 6 |  6.4
Spellcasting   | 4 5 |  5.6
Fighting       | |  0.2
Dodging        | |  2.9
Stealth        | |  2.9
Hexes          | |  0.3

Action                   |  1- 3 |  4- 6 || total
-------------------------+-------+-------++-------
Melee: Short sword       |     7 |     4 ||    11
 Cast: Magic Dart        |    49 |    68 ||   117
       Searing Ray       |     4 |     2 ||     6
       Dazzling Spray    |       |     3 ||     3
       Iskenderun's Myst |       |     2 ||     2
  Use: Potion            |       |     3 ||     3
 Stab: Invisible         |       |     2 ||     2
  Eat: Chunk             |       |     4 ||     4
Armor: Robe              |     2 |       ||     2
Dodge: Dodged            |    11 |    10 ||    21
